 Dungeon Crawl Stone Soup version 0.26.1-11-gd32895ea62 (webtiles) character file.

Game seed: 17383467239996666334

3315 Almogavar the Fighter (level 10, 0/85 HPs)
             Began as a Gnoll Wanderer on Apr 30, 2021.
             Was a Priest of Okawaru.
             Slain by an orc knight
             ... wielding a +0 halberd
              (21 damage)
             ... in a bailey.
             The game lasted 00:33:04 (8800 turns).

Almogavar the Fighter (Gnoll Wanderer)              Turns: 8800, Time: 00:33:05

Health: 0/85       AC:  9    Str: 15    XL:     10   Next: 1%
Magic:  17/17      EV: 17    Int: 15    God:    Okawaru [***...]
Gold:   263        SH:  0    Dex: 17    Spells: 18/18 levels left

rFire    . . .     SeeInvis .   a - +2 spear
rCold    . . .     Faith    .   (no shield)
rNeg     + . .     Spirit   .   I - +0 leather armour
rPois    .         Reflect  .   i - +0 helmet (curse)
rElec    .         Harm     .   x - +2 cloak {rCorr}
rCorr    +         Rampage  .   f - +0 pair of gloves
Will     +....                  (no boots)
Stlth    +++.......             (no amulet)
HPRegen  0.24/turn              q - ring of positive energy
MPRegen  0.15/turn              r - ring of willpower

@: brilliant, flying, hasted, very quick
A: distributed training, fangs 1, strong nose
a: Renounce Religion, Heroism


You were in a bailey.
You worshipped Okawaru.
Okawaru was most pleased with you.
You visited 2 branches of the dungeon, and saw 8 of its levels.
You also visited: Bailey.

You collected 263 gold pieces.

Inventory:

Hand Weapons
 a - a +2 spear (weapon)
 w - a +4 quarterstaff of chaos
 z - a +0 trident of venom
Missiles
 g - 3 boomerangs
 m - 123 arrows
 A - 18 poisoned darts
 B - 24 bolts
 H - 7 curare-tipped darts (quivered)
Armour
 d - a +0 ring mail
 e - a cursed +0 scale mail
 f - a +0 pair of gloves (worn)
 i - a cursed +0 helmet (worn)
 p - a +0 chain mail
 x - a +2 cloak of preservation (worn)
 I - a +0 leather armour (worn)
Jewellery
 q - a ring of positive energy (left hand)
 r - a ring of willpower (right hand)
 s - an uncursed amulet of faith {unknown}
Wands
 u - a wand of polymorph (9)
Scrolls
 b - 9 scrolls of teleportation
 h - 6 scrolls of remove curse
 k - 3 scrolls of amnesia
 n - a scroll of blinking
 o - 5 scrolls of enchant weapon
 J - a scroll of holy word {unknown}
Potions
 j - a potion of degeneration {unknown}
 l - a potion of flight
 v - a potion of brilliance
 C - a potion of ambrosia {unknown}
 G - a potion of mutation {unknown}


   Skills:
 + Level 9.8 Fighting
 + Level 4.8 Short Blades
 + Level 4.8 Long Blades
 + Level 4.8 Axes
 + Level 4.8 Maces & Flails
 + Level 4.8 Polearms
 + Level 4.8 Staves
 + Level 4.8 Slings
 + Level 4.8 Bows
 + Level 4.8 Crossbows
 + Level 5.5 Throwing
 + Level 4.8 Armour
 + Level 8.2 Dodging
 + Level 6.4 Stealth
 + Level 4.8 Shields
 + Level 4.8 Unarmed Combat
 + Level 4.8 Spellcasting
 + Level 4.0 Conjurations
 + Level 4.0 Hexes
 + Level 4.0 Summonings
 + Level 4.0 Necromancy
 + Level 4.0 Translocations
 + Level 4.0 Transmutations
 + Level 4.0 Fire Magic
 + Level 4.0 Ice Magic
 + Level 4.0 Air Magic
 + Level 4.0 Earth Magic
 + Level 4.0 Poison Magic
 + Level 5.3 Invocations
 + Level 4.8 Evocations


You had 18 spell levels left.
You didn't know any spells.
Your spell library was empty.

Dungeon Overview and Level Annotations

Branches:
Dungeon (7/15)             Temple (1/1) D:4          Bailey (1/1)

Altars:
Cheibriados
Dithmenos
Elyvilon
Fedhas
Gozag
Hepliaklqana
Kikubaaqudgha
Makhleb
Nemelex Xobeh
Okawaru
Qazlal
Ru
Sif Muna
Trog
Uskayaw
Wu Jian
Xom

Annotations:
D:3 Xye's ghost, amateur MiFi


Innate Abilities, Weirdness & Mutations

Your experience applies equally to all skills.
You have very sharp teeth.
Your uncanny sense of smell can sniff out nearby items.


Message History

The orc knight hits you but does no damage.
Reach: a) +2 spear
Press: ? - help, Dir - move target, f/p - orc knight
Aim: an orc knight, wielding a +0 halberd and wearing a +0 chain mail (lightly wounded, very poisoned)
You reach to attack!
You hit the orc knight but do no damage.
The orc knight is lightly wounded.
You feel better.
Throw: 8 darts (curare)
Press: ? - help, Q - select action, (/) - cycle Shift-Dir - straight line, f/p - orc knight
Aim: an orc knight, wielding a +0 halberd and wearing a +0 chain mail (moderately wounded, very poisoned, 69% to hit)
You throw a curare-tipped dart.
The curare-tipped dart hits the orc knight.
The orc knight looks as sick as possible!
The orc knight convulses.
The orc knight seems to slow down.
The orc knight is moderately wounded.
You feel like a meek peon again.
The orc knight hits you from afar with a +0 halberd!!
You die...

##.≈≈..#+#..≈≈(..⌠.§
#∩.≈≈..# #..≈≈o.⌠∩⌠.
#.≈≈..## #..≈≈o§§..
#.≈..## ∆ #..≈≈§§≈≈
#.≈)## ∆∆∆ #.§.....
#.≈.#########'###+##
#.≈..o.(.(...##.....
#.≈≈≈≈≈≈≈≈≈≈..##.∩.#
#..@.......≈≈..## ##
##########..≈≈..###.
##..≈≈)....
##..≈≈≈≈≈≈ ##.......
########


You could see an orc knight (extremely poisoned, slow).

Vanquished Creatures
  Pikel (D:5)
  Grinder (D:6)
  The ghost of Xye the Covered, an amateur MiFi (D:4)
  4 orc warriors
  A phantom (D:7)
  2 sky beasts (D:6)
  2 ice beasts (D:6)
  An ogre (D:6)
  3 centaurs
  3 lemures
  The ghost of stil the Sneak, an amateur SpEn (D:3)
  A gnoll sergeant (D:5)
  2 bullfrogs
  A scorpion (D:7)
  A water moccasin skeleton (D:6)
  A killer bee (D:4)
  A centaur zombie (D:6)
  5 hounds
  Crazy Yiuf (D:2)
  3 orc priests (D:6)
  A bullfrog skeleton (D:5)
  A gnoll shaman (D:5)
  4 orc wizards
  Natasha (twice) (D:3)
  An iguana (D:6)
  3 worker ants
  A hound zombie (D:6)
  A hound skeleton (D:5)
  4 gnolls
  9 adders
  3 shadow imps
  A white imp (D:5)
  2 ufetubi
  2 oozes
  An adder zombie (D:5)
  2 adder skeletons
  5 worms
  7 leopard geckos
  23 orcs
  2 ball pythons
  4 bats
  8 giant cockroaches
  7 goblins
  6 hobgoblins
  14 jackals
  4 kobolds
  2 quokkas
  4 frilled lizards
  A leopard gecko skeleton (D:7)
  7 rats
  A bush (D:2)
169 creatures vanquished.

Vanquished Creatures (others)
  3 fungi (D:2)
  3 withered plants (D:3)
6 creatures vanquished.

Grand Total: 175 creatures vanquished

Notes
Turn   | Place    | Note
-------+----------+-------------------------------------------
     0 | D:1      | Almogavar the Gnoll Wanderer began the quest for the Orb.
     0 | D:1      | Almogavar set off with the following items: a +2 spear, a
                  | scroll of teleportation, a potion of curing, a +0 robe, a
                  | +0 dagger
     0 | D:1      | Reached XP level 1. HP: 26/26 MP: 1/1
   348 | D:1      | Reached XP level 2. HP: 33/33 MP: 2/2
  1058 | D:2      | Reached XP level 3. HP: 38/38 MP: 3/3
  1237 | D:2      | Reached skill level 1 in Invocations
  1305 | D:2      | Reached skill level 1 in Short Blades
  1305 | D:2      | Reached skill level 1 in Long Blades
  1305 | D:2      | Reached skill level 1 in Axes
  1305 | D:2      | Reached skill level 1 in Maces & Flails
  1305 | D:2      | Reached skill level 1 in Polearms
  1305 | D:2      | Reached skill level 1 in Staves
  1305 | D:2      | Reached skill level 1 in Slings
  1305 | D:2      | Reached skill level 1 in Bows
  1305 | D:2      | Reached skill level 1 in Crossbows
  1305 | D:2      | Reached skill level 1 in Armour
  1305 | D:2      | Reached skill level 1 in Shields
  1305 | D:2      | Reached skill level 1 in Unarmed Combat
  1305 | D:2      | Reached skill level 1 in Spellcasting
  1305 | D:2      | Reached skill level 1 in Evocations
  1310 | D:2      | Reached XP level 4. HP: 45/45 MP: 5/5
  1664 | D:2      | Noticed a bullfrog
  1673 | D:2      | Killed a bullfrog
  1674 | D:2      | Reached skill level 1 in Conjurations
  1674 | D:2      | Reached skill level 1 in Hexes
  1674 | D:2      | Reached skill level 1 in Summonings
  1674 | D:2      | Reached skill level 1 in Necromancy
  1674 | D:2      | Reached skill level 1 in Translocations
  1674 | D:2      | Reached skill level 1 in Transmutations
  1674 | D:2      | Reached skill level 1 in Fire Magic
  1674 | D:2      | Reached skill level 1 in Ice Magic
  1674 | D:2      | Reached skill level 1 in Air Magic
  1674 | D:2      | Reached skill level 1 in Earth Magic
  1674 | D:2      | Reached skill level 1 in Poison Magic
  1674 | D:2      | Reached XP level 5. HP: 40/51 MP: 5/7
  1787 | D:2      | Found a runed translucent door.
  1788 | D:2      | Noticed Crazy Yiuf
  1838 | D:2      | Killed Crazy Yiuf
  1954 | D:3      | Noticed Natasha
  1960 | D:3      | Killed Natasha
  2015 | D:3      | Found a runed translucent gate.
  2019 | D:3      | Found a runed translucent gate.
  2021 | D:3      | Found a runed translucent gate.
  2022 | D:3      | Noticed Xye's ghost (amateur MiFi)
  2022 | D:3      | Noticed stil's ghost (amateur SpEn)
  2303 | D:3      | Noticed Natasha
  2311 | D:3      | Killed Natasha
  2312 | D:3      | Reached XP level 6. HP: 57/57 MP: 8/8
  3011 | D:3      | Killed stil's ghost
  3403 | D:4      | Killed Xye's ghost
  3404 | D:4      | Reached XP level 7. HP: 46/63 MP: 10/10
  3845 | D:4      | Found a staircase to the Ecumenical Temple.
  3854 | Temple   | Entered the Ecumenical Temple
  3910 | Temple   | Became a worshipper of Warmaster Okawaru
  4350 | D:5      | Entered Level 5 of the Dungeon
  4520 | D:5      | Reached skill level 5 in Stealth
  4843 | D:5      | Reached skill level 9 in Fighting
  5251 | D:5      | Noticed Pikel
  5604 | D:5      | Reached XP level 8. HP: 71/71 MP: 12/12
  5680 | D:5      | Killed Pikel
  5680 | D:5      | Reached * piety under Okawaru
  6480 | D:6      | Reached XP level 9. HP: 76/76 MP: 14/14
  7048 | D:6      | Reached ** piety under Okawaru
  7158 | D:6      | Reached skill level 5 in Throwing
  7447 | D:6      | Found a blossoming altar of Fedhas.
  7448 | D:6      | Noticed Grinder
  7457 | D:6      | Killed Grinder
  7458 | D:6      | Reached skill level 5 in Invocations
  8004 | D:7      | Reached *** piety under Okawaru
  8042 | D:7      | Found a flagged portal.
  8132 | Bailey   | Entered a bailey
  8304 | Bailey   | Noticed an orc knight
  8780 | Bailey   | Reached XP level 10. HP: 16/85 MP: 14/17
  8800 | Bailey   | Slain by an orc knight

Illustrated notes

Levels and vault maps discovered:
D:1:      lemuel_arrival_cross, layout_basic
D:2:      layout_loops_ring, minmay_cut_off, uniq_crazy_yiuf_cottage
D:3:      layout_basic, gammafunk_ghost_cemetery, uniq_natasha
D:4:      layout_cave_pools, minmay_temple_entry_glassed_door,
          minmay_fractal_squares_diagonal_5
D:5:      cheibrodos_barr_body, layout_rooms, uniq_pikel
D:6:      minmay_recursive_quarters, layout_rooms, basic_altar, uniq_grinder
D:7:      layout_cave_pods, enter_bailey_8
Temple:   compressed_dpeg_triangle_lava_temple
Bailey:   bailey_polearm_1, bailey

Skill      XL: |  1  2  3  4  5  6  7  8  9 |
---------------+----------------------------+-----
Invocations    | 1 2 3 4 5 |  5.3
Short Blades   | 1 2 3 4 |  4.8
Long Blades    | 1 2 3 4 |  4.8
Axes           | 1 2 3 4 |  4.8
Maces & Flails | 1 2 3 4 |  4.8
Polearms       | 1 2 3 4 |  4.8
Staves         | 1 2 3 4 |  4.8
Slings         | 1 2 3 4 |  4.8
Bows           | 1 2 3 4 |  4.8
Crossbows      | 1 2 3 4 |  4.8
Armour         | 1 2 3 4 |  4.8
Shields        | 1 2 3 4 |  4.8
Unarmed Combat | 1 2 3 4 |  4.8
Spellcasting   | 1 2 3 4 |  4.8
Evocations     | 1 2 3 4 |  4.8
Conjurations   | 1 2 3 4 |  4.0
Hexes          | 1 2 3 4 |  4.0
Summonings     | 1 2 3 4 |  4.0
Necromancy     | 1 2 3 4 |  4.0
Translocations | 1 2 3 4 |  4.0
Transmutations | 1 2 3 4 |  4.0
Fire Magic     | 1 2 3 4 |  4.0
Ice Magic      | 1 2 3 4 |  4.0
Air Magic      | 1 2 3 4 |  4.0
Earth Magic    | 1 2 3 4 |  4.0
Poison Magic   | 1 2 3 4 |  4.0
Throwing       | 3 4 5 |  5.5
Dodging        | 7 8 |  8.2
Stealth        | 5 6 |  6.4
Fighting       | 9 |  9.8

Action                   |  1- 3 |  4- 6 |  7- 9 | 10-12 || total
-------------------------+-------+-------+-------+-------++-------
Melee: Spear             |    73 |    56 |    52 |     4 ||   185
       Bite              |     3 |    12 |    24 |       ||    39
       Quarterstaff      |       |    50 |   252 |       ||   302
Throw: Boomerang         |    12 |    22 |    23 |       ||    57
       Dart              |       |    15 |   137 |     3 ||   155
Invok: Heroism           |       |       |     1 |       ||     1
Evoke: Wand              |       |       |       |     2 ||     2
  Use: Scroll            |       |     4 |     9 |       ||    13
       Potion            |       |     3 |     4 |     4 ||    11
 Stab: Sleeping          |    10 |     5 |     4 |       ||    19
       Distracted        |       |     1 |       |       ||     1
       Paralysed         |       |       |     1 |       ||     1
       Petrifying        |       |       |     1 |       ||     1
Armor: Robe              |     9 |     8 |    54 |       ||    71
       Leather armour    |       |       |    12 |     2 ||    14
Dodge: Dodged            |    35 |    54 |   265 |     2 ||   356
